 Dungeon Crawl Stone Soup version 0.25.1-4-g9407a263a5 (webtiles) character file.

Game seed: 10838028978458330804

3395 Allula97 the Ruffian (level 9, -3/102 HPs)
             Began as a Demonspawn Gladiator on Nov 27, 2020.
             Was a Priest of Ashenzari.
             Slain by a killer bee (5 damage)
             ... on level 9 of the Dungeon.
             The game lasted 00:35:13 (8341 turns).

Allula97 the Ruffian (Demonspawn Gladiator)         Turns: 8341, Time: 00:35:14

Health: -3/102     AC: 24    Str: 18    XL:     9   Next: 75%
Magic:  11/11      EV:  2    Int:  7    God:    Ashenzari [***...]
Gold:   638        SH:  0    Dex: 20    Spells: 10/10 levels left

rFire    . . .     SeeInvis +     - Unarmed
rCold    . . .     Gourm    .   (no shield)
rNeg     + + +     Faith    .   (armour currently unavailable)
rPois    +         Spirit   .   (helmet currently unavailable)
rElec    .         Reflect  .   (cloak currently unavailable)
rCorr    +         Harm     .   (gloves currently unavailable)
MR       .....     NoTele   +   (boots currently unavailable)
Stlth    ++........             p - amulet of regeneration (curse)
HPRegen  0.67/turn              s - ring "Ekefefal" {rPois Int-3 Dex+6 SInv Stlth-} (curse)
MPRegen  0.12/turn              q - ring of resist corrosion (curse)

@: tree-form, vulnerable, studying Dodging
A: demonic guardian 1, rot immunity
a: Curse Item, Scrying, Renounce Religion


You were on level 9 of the Dungeon.
You worshipped Ashenzari.
Ashenzari was most pleased with you.
You were not hungry.
You were a tree.
You visited 2 branches of the dungeon, and saw 10 of its levels.

You collected 638 gold pieces.

Inventory:

Hand Weapons
 a - the cursed +3 hunting sling of Weak Expedience {speed, rN+ Int+4 Dex+3}
   (You found it on level 4 of the Dungeon)

   Attacks with this weapon are significantly faster.
   It affects your intelligence (+4).
   It affects your dexterity (+3).
   It protects you from negative energy.
   It has a curse placed upon it.
 t - the cursed +2 war axe of Experimentation {vorpal, MR+ Str+2}
   (You found it on level 4 of the Dungeon)

   It inflicts extra damage upon your enemies.
   It affects your strength (+2).
   It affects your resistance to hostile enchantments.
   It has a curse placed upon it.
 E - a +3 dagger
Missiles
 d - a throwing net (quivered)
Armour
 c - a +0 helmet (melded)
 h - a +2 pair of gloves (melded)
 l - a cursed +2 scale mail (melded)
Jewellery
 b - an uncursed ring of flight
 e - an uncursed ring of fire
 p - a cursed amulet of regeneration (around neck)
 q - a cursed ring of resist corrosion (right branch)
 s - the cursed ring "Ekefefal" (left branch) {rPois Int-3 Dex+6 SInv Stlth-}
   (You found it on level 4 of the Dungeon)

   [ring of attention]

   It affects your intelligence (-3).
   It affects your dexterity (+6).
   It protects you from poison.
   It lets you see invisible.
   It makes you less stealthy.
   It has a curse placed upon it.
Wands
 k - a wand of iceblast (4)
 y - a wand of disintegration (4)
 D - a wand of paralysis (4)
 H - a wand of random effects (21)
Scrolls
 i - a scroll of fear
 j - a scroll of amnesia
 x - 2 scrolls of enchant armour
 z - a scroll of fog
 B - a scroll of remove curse
 C - 3 scrolls of teleportation {unknown}
 F - a scroll of enchant weapon {unknown}
 J - a scroll of magic mapping {unknown}
Potions
 m - a potion of brilliance
 n - a potion of cancellation
 r - a potion of berserk rage
 A - a potion of haste {unknown}
 G - a potion of mutation {unknown}
 I - a potion of stabbing
Books
 g - a manual of Dodging
Comestibles
 f - 13 rations


   Skills:
 * Level 5.3 Fighting
   Level 3.2 Staves
 - Level 1.7 Throwing
 * Level 6.0 Armour
 * Level 5.9 Dodging
 * Level 3.8 Stealth
 * Level 7.2 Unarmed Combat
 - Level 1.1 Spellcasting
 * Level 3.1(5.6) Evocations


You had 10 spell levels left.
You didn't know any spells.
Your spell library contained the following spells:

 Spells                   Type           Power        Failure   Level  Hunger
 Corona                   Hex            #......      34%         1    ##.....
 Foxfire                  Conj/Fire      #...         34%         1    ##.....
 Ensorcelled Hibernation  Hex/Ice        #.....       47%         2    ###....
 Confusing Touch          Hex            #.......     71%         3    ####...
 Conjure Flame            Conj/Fire      #.......     71%         3    ####...
 Dazzling Flash           Conj/Hex       #.....       71%         3    ####...
 Inner Flame              Hex/Fire       #.......     71%         3    ####...
 Tukima's Dance           Hex            #.......     71%         3    ####...
 Sticky Flame             Conj/Fire      #.......     98%         4    #####..
 Fireball                 Conj/Fire      #.........   100%        5    ######.


Dungeon Overview and Level Annotations

Branches:
Dungeon (9/15)             Temple (1/1) D:7
   Lair: D:8-11         Orc: D:9-12

Altars:
Ashenzari
Cheibriados
Dithmenos
Elyvilon
Fedhas
Gozag
Hepliaklqana
Kikubaaqudgha
Makhleb
Nemelex Xobeh
Okawaru
Qazlal
Ru
Sif Muna
Trog
Uskayaw
Vehumet
Wu Jian
Xom
Yredelemnul
Zin
The Shining One

Annotations:
D:9 Grum


Innate Abilities, Weirdness & Mutations

((You have very sharp fingernails.))
((You have hoof-like feet.))
A weak demonic guardian rushes to your aid.
You are immune to rotting.


Message History

The killer bee misses you. The killer bee stings you.
* * * LOW HITPOINT WARNING * * *
The killer bee misses you.
The queen bee calls on the killer bee to defend it!
The killer bee goes berserk!
The killer bee stings you but does no damage.
The killer bee misses you.
It was a potion of lignification.
You turn into a tree.
Your +0 helmet melds into your body.
Your +2 pair of gloves melds into your body.
Your cursed +2 scale mail melds into your body.
Your roots penetrate the ground.
The killer bee is no longer berserk.
The killer bee stings you but does no damage.
The killer bee stings you.
* * * LOW HITPOINT WARNING * * *
The killer bee stings you.
* * * LOW HITPOINT WARNING * * *
The killer bee stings you but does no damage. x2
The killer bee barely misses you. The killer bee stings you.
You die...

#. #>..........# ,
,#..#######...........# , ,
#....................# * ,
#....................######.
#........<...#######yZ......
, #............# #h......#
#............# #g......#
#.....####...# #.y.....# *
#..... #y♣y# #.......#
....... #y.y#######.......#
, .######*
#.yhy....gy...$...# *
#...Wg.y..........#
###################


You could see Grum (invisible), a queen bee, a hungry ghost (vulnerable), a wolf
(vulnerable) and 6 killer bees.

Vanquished Creatures
  A hornet (D:8)
  A hippogriff (D:7)
  Menkaure (D:7)
  An orc warrior (D:5)
  The ghost of kthxbai the Magician, an amateur SpEn (D:3)
  2 ice beasts (D:5)
  2 phantoms (D:4)
  A sky beast (D:8)
  An ogre (D:3)
  2 centaurs
  A wolf (D:9)
  3 bullfrogs
  2 scorpions
  A howler monkey (D:4)
  7 wights
  A crimson imp (D:6)
  A bullfrog zombie (D:5)
  3 bullfrog skeletons
  8 orc priests
  3 hounds
  A jelly (D:7)
  9 orc wizards
  3 iguanas
  2 worker ants
  2 howler monkey zombies
  2 worker ant zombies
  5 gnolls
  6 adders
  A shadow imp (D:5)
  2 oozes
  3 worms
  3 adder simulacra (D:5)
  8 leopard geckos
  25 orcs
  5 giant cockroaches
  2 gnoll zombies (D:2)
  8 goblins
  3 hobgoblins
  8 jackals
  4 quokkas
  11 bats
  6 frilled lizards
  2 giant cockroach simulacra (D:5)
  A jackal skeleton (D:4)
  5 kobolds
  A leopard gecko zombie (D:8)
  2 quokka skeletons
  8 rats
  A butterfly (D:8)
182 creatures vanquished.

Vanquished Creatures (collateral kills)
  The ghost of kthxbai the Vexing, a novice SpEn (D:5)
  A yak (D:4)
  A crimson imp (D:5)
  2 orc wizards
  An orc (D:5)
  A leopard gecko simulacrum (D:5)
  A butterfly (D:8)
8 creatures vanquished.

Grand Total: 190 creatures vanquished

Notes
Turn   | Place    | Note
-------+----------+-------------------------------------------
     0 | D:1      | Allula97 the Demonspawn Gladiator began the quest for the
                  | Orb.
     0 | D:1      | Reached XP level 1. HP: 16/16 MP: 1/1
   514 | D:1      | Gained mutation: You are immune to rotting. [demonic
                  | ancestry]
   514 | D:1      | Reached XP level 2. HP: 16/22 MP: 2/2
  1222 | D:1      | Reached XP level 3. HP: 23/28 MP: 4/4
  1464 | D:2      | Reached skill level 1 in Spellcasting
  1482 | D:2      | Reached skill level 1 in Armour
  1508 | D:2      | Found a shattered altar of Ashenzari.
  1719 | D:2      | Became a worshipper of Ashenzari the Shackled
  1982 | D:2      | Gained mutation: You have sharp fingernails. [demonic
                  | ancestry]
  1982 | D:2      | Reached XP level 4. HP: 34/34 MP: 5/5
  2263 | D:2      | Found a basalt altar of Yredelemnul.
  2474 | D:3      | Found a runed translucent door.
  2478 | D:3      | Noticed kthxbai's ghost (amateur SpEn)
  2774 | D:3      | Gained mutation: A weak demonic guardian rushes to your
                  | aid. [demonic ancestry]
  2774 | D:3      | Reached XP level 5. HP: 17/40 MP: 6/6
  2996 | D:3      | Reached skill level 1 in Stealth
  3377 | D:3      | Reached * piety under Ashenzari
  3386 | D:3      | Noticed an ogre
  3408 | D:3      | Killed an ogre
  3408 | D:3      | Reached skill level 1 in Unarmed Combat
  3408 | D:3      | Gained mutation: You have large cloven feet. [demonic
                  | ancestry]
  3408 | D:3      | Reached XP level 6. HP: 42/47 MP: 7/7
  3428 | D:3      | Found a glowing golden altar of the Shining One.
  3428 | D:3      | Found a sparkling altar of Nemelex Xobeh.
  3432 | D:3      | Found a stormy altar of Qazlal.
  3432 | D:3      | Found an ornate altar of the Wu Jian Council.
  3434 | D:3      | Found an opulent altar of Gozag.
  3439 | D:3      | Found a blossoming altar of Fedhas.
  3469 | D:3      | Found an ancient bone altar of Kikubaaqudgha.
  3575 | D:3      | Killed kthxbai's ghost
  3679 | D:4      | Noticed a yak
  3739 | D:4      | Killed a yak
  3739 | D:4      | Reached skill level 2 in Unarmed Combat
  3739 | D:4      | Gained mutation: You have very sharp fingernails. [demonic
                  | ancestry]
  3739 | D:4      | Reached XP level 7. HP: 13/53 MP: 8/8
  3758 | D:4      | HP: 1/54 [worm (9)]
  4664 | D:4      | Identified the ring "Ekefefal" {rPois Int-3 Dex+6 SInv
                  | Stlth-}
  4679 | D:4      | Got the cursed war axe of Experimentation {vorpal, MR+
                  | Str+2}
  4975 | D:4      | Reached skill level 3 in Unarmed Combat
  5001 | D:4      | Got the cursed hunting sling of Weak Expedience {speed, rN+
                  | Int+4 Dex+3}
  5056 | D:5      | Entered Level 5 of the Dungeon
  5141 | D:5      | Reached skill level 1 in Evocations
  5186 | D:5      | Gained mutation: You have hoof-like feet. [demonic
                  | ancestry]
  5186 | D:5      | Reached XP level 8. HP: 60/60 MP: 9/9
  5429 | D:5      | Found a burning altar of Makhleb.
  5447 | D:5      | Reached skill level 4 in Unarmed Combat
  5648 | D:5      | Found a runed translucent gate.
  5648 | D:5      | Found a runed translucent gate.
  5648 | D:5      | Found a runed translucent gate.
  5713 | D:5      | Noticed kthxbai's ghost (novice SpEn)
  5903 | D:5      | Killed kthxbai's ghost
  5903 | D:5      | Reached skill level 5 in Unarmed Combat
  5910 | D:5      | Reached skill level 5 in Dodging
  6176 | D:6      | Reached ** piety under Ashenzari
  6528 | D:6      | Found a snail-covered altar of Cheibriados.
  6682 | D:7      | Reached skill level 5 in Armour
  6682 | D:7      | Reached XP level 9. HP: 61/67 MP: 10/10
  6965 | D:7      | Reached skill level 6 in Unarmed Combat
  7160 | D:7      | Noticed Menkaure
  7167 | D:7      | Killed Menkaure
  7167 | D:7      | Reached skill level 5 in Fighting
  7247 | D:7      | Found a staircase to the Ecumenical Temple.
  7384 | Temple   | Entered the Ecumenical Temple
  8030 | D:8      | Reached skill level 7 in Unarmed Combat
  8045 | D:8      | Found a shimmering altar of Xom.
  8288 | D:8      | Reached *** piety under Ashenzari
  8311 | D:9      | Noticed Grum
  8317 | D:9      | Noticed a queen bee
  8339 | D:9      | HP: 1/68 [killer bee (5)]
  8341 | D:9      | Slain by a killer bee

Illustrated notes

Levels and vault maps discovered:
D:1:      kennysheep_arrival_seaside, layout_rooms, st_stairs_5
D:2:      layout_basic, lemuel_zombie_altar_yredelemnul,
          ashenzari_conservatory_becter, palyth_stone_intersect,
          hangedman_abyss_or_decor_stabs
D:3:      layout_loops_ring, grunt_temple_overflow_octagram, first_ration,
          ebering_ghost_reflecting_pool
D:4:      layout_loops_corners, minmay_manual_mail
D:5:      layout_loops_ring, lemuel_crystal_altar, gammafunk_ghost_icy,
          chequers_serial_rivers_micro_c
D:6:      layout_basic, marbit_many_paths
D:7:      layout_basic, minmay_temple_entry_junction, uniq_menkaure
D:8:      layout_gridville, xom_butterflies, serial_glass, glass_columns_b,
          glass_columns_b, glass_columns_a, glass_columns_a
D:9:      layout_irregular_city, serial_shops, nicolae_shop_waterfront,
          david_nohive_1, uniq_grum
Temple:   zaba_magenta_temple

Skill      XL: |  1  2  3  4  5  6  7  8  9 |
---------------+----------------------------+-----
Dodging        | 3 4 5 |  5.9
Staves         | 3 |  3.2
Spellcasting   | 1 |  1.1
Armour         | 1 2 3 4 5 6 |  6.0
Fighting       | 3 4 5 |  5.3
Stealth        | 1 2 3 |  3.8
Unarmed Combat | 1 2 3 5 7 |  7.2
Evocations     | 1 2 3 |  3.1
Throwing       | |  1.7

Action                   |  1- 3 |  4- 6 |  7- 9 || total
-------------------------+-------+-------+-------++-------
Melee: Quarterstaff      |   144 |   133 |       ||   277
       Unarmed           |       |    68 |   430 ||   498
       Punch             |       |     1 |    12 ||    13
       Kick              |       |       |   112 ||   112
Throw: Throwing net      |       |     4 |     1 ||     5
Invok: Curse Item        |       |     1 |     3 ||     4
Evoke: Wand              |       |       |     2 ||     2
  Use: Scroll            |       |     4 |     4 ||     8
       Potion            |       |     3 |     6 ||     9
 Stab: Sleeping          |       |     3 |     1 ||     4
       Distracted        |       |     1 |     3 ||     4
       Held in net/web   |       |     1 |     1 ||     2
       Paralysed         |       |       |     2 ||     2
  Eat: Chunk             |     3 |     6 |    15 ||    24
Armor: Leather armour    |    13 |       |       ||    13
       Ring mail         |    38 |       |       ||    38
       Scale mail        |     7 |    72 |   171 ||   250
       Skin              |       |       |     3 ||     3
Dodge: Dodged            |    95 |   121 |   275 ||   491
